 Dungeon Crawl Stone Soup version 0.27-a0-1228-gfd60fd639a (webtiles) character file.

Game seed: 8220938776347745140

265 wakim the Sneak (level 6, -3/35 HPs)
             Began as a Kobold Brigand on June 7, 2021.
             Killed from afar by a white imp (8 damage)
             ... with a puff of frost
             ... on level 4 of the Dungeon.
             The game lasted 00:12:15 (4442 turns).

wakim the Sneak (Kobold Brigand)                    Turns: 4442, Time: 00:12:16

Health: -3/35      AC:  3    Str: 16    XL:     6   Next: 44%
Magic:  6/6        EV: 14    Int: 12    God:
Gold:   99         SH: 10    Dex: 17    Spells: 5/5 levels left

rFire    . . .     SeeInvis .   a - +2 dagger
rCold    . . .     Faith    .   o - +2 kite shield
rNeg     . . .     Spirit   .   b - +0 robe
rPois    .         Reflect  .   (no helmet)
rElec    .         Harm     .   c - +0 cloak
rCorr    .         Rampage  .   (no gloves)
Will     .....                  (no boots)
Stlth    ++++......             (no amulet)
HPRegen  0.11/turn              q - +6 ring of strength
MPRegen  0.10/turn              (no ring)

@: no status effects
A: small, no large weapons, nightstalker 3
a: no special abilities


You were on level 4 of the Dungeon.
You visited 1 branch of the dungeon, and saw 4 of its levels.

You collected 99 gold pieces.

Inventory:

Hand Weapons
 a - a +2 dagger (weapon)
Missiles
 d - 4 poisoned darts (quivered)
 e - a curare-tipped dart {=f}
Armour
 b - a +0 robe (worn)
 c - a +0 cloak (worn)
 o - a +2 kite shield (worn)
Jewellery
 q - a +6 ring of strength (left hand)
Scrolls
 i - a scroll of holy word {unknown}
 j - a scroll of fear {unknown}
 k - a scroll of brand weapon {unknown}
 l - a scroll of noise {unknown}
 m - a scroll of silence {unknown}
 p - a scroll of magic mapping {unknown}
 s - a scroll of amnesia {unknown}
 t - a scroll of vulnerability {unknown}
Potions
 f - a potion of heal wounds {unknown}
 g - 2 potions of degeneration {unknown}
 h - a potion of mutation {unknown}
 n - a potion of lignification {unknown}
 r - a potion of berserk rage {unknown}


   Skills:
 - Level 2.1 Fighting
 + Level 4.7 Short Blades
 - Level 2.1 Throwing
 * Level 5.2 Dodging
 + Level 6.7 Stealth


You had 5 spell levels left.
You didn't know any spells.
Your spell library contained the following spells:

 Spells                   Type           Power      Damage    Failure   Level
 Magic Dart               Conj           0%         1d3       93%         1
 Searing Ray              Conj           0%         3d3       98%         2
 Dazzling Flash           Conj/Hex       0%         N/A       100%        3
 Fulminant Prism          Conj/Hex       0%         3d6       100%        4
 Iskenderun's Mystic Bla  Conj/Tloc      0%         2d3       100%        4


Dungeon Overview and Level Annotations

Branches:
Dungeon (4/15)
 Temple: D:4-7

Altars:
Hepliaklqana
Okawaru
Xom
The Shining One


Innate Abilities, Weirdness & Mutations

You are small and have problems with some larger weapons.
You are completely attuned to the shadows.


Message History

Things that are here:
a +0 short sword; a stone You hit the giant cockroach but do no damage.
The giant cockroach closely misses you. You block the giant cockroach's attack.
You hit the giant cockroach but do no damage.
The giant cockroach closely misses you.
You barely miss the giant cockroach. The giant cockroach barely misses you.
You hit the giant cockroach.
The giant cockroach is moderately wounded.
You block the giant cockroach's attack.
You hit the giant cockroach but do no damage.
The giant cockroach is moderately wounded.
You block the giant cockroach's attack. x2
You hit the giant cockroach.
The giant cockroach is heavily wounded.
The giant cockroach bites you but does no damage.
You hit the giant cockroach.
You kill the giant cockroach!
You hit the white imp.
The white imp is severely wounded.
The white imp gestures at you. The puff of frost hits you!
* * * LOW HITPOINT WARNING * * *
The white imp grins evilly.
You see here an iguana corpse.
You barely miss the white imp.
The white imp is severely wounded.
You block the white imp's attack.
You hit the white imp.
The white imp is almost dead.
The white imp gestures at you. You block the puff of frost.
You hit the white imp but do no damage.
The white imp is almost dead.
You block the white imp's attack.
You hit the white imp.
The white imp is almost dead.
The white imp gestures at you. The puff of frost hits you!
You die...

###?....#
#....#.......#
.#.?..#.#<.)..#
...?..#.##....#
#.$...#...(.###
#.....'.###(#
##.(?.#.# #.#
######)###.#
#..5@(# #######


You could see a white imp.

Vanquished Creatures
  A centaur (D:3)
  An orc priest (D:3)
  An iguana (D:4)
  3 adders
  3 worms
  2 dart slugs (D:1)
  6 orcs (D:3)
  5 endoplasms
  6 giant cockroaches
  9 goblins
  A hobgoblin (D:1)
  11 jackals
  5 quokkas
  6 ball pythons
  9 bats
  2 frilled lizards (D:1)
  9 kobolds
  5 rats
85 creatures vanquished.

Notes
Turn   | Place    | Note
-------+----------+-------------------------------------------
     0 | D:1      | wakim the Kobold Brigand began the quest for the Orb.
     0 | D:1      | Reached XP level 1. HP: 12/12 MP: 1/1
    47 | D:1      | Found a faded altar of an unknown god.
    72 | D:1      | Reached XP level 2. HP: 13/17 MP: 2/2
   374 | D:1      | You fall into a shaft and drop 1 floor!
   423 | D:2      | Reached XP level 3. HP: 12/21 MP: 3/3
  1058 | D:1      | Reached XP level 4. HP: 25/26 MP: 4/4
  1972 | D:2      | Reached skill level 6 in Stealth
  2934 | D:3      | Noticed a centaur
  2938 | D:3      | Killed a centaur
  2939 | D:3      | Reached XP level 5. HP: 30/30 MP: 5/5
  2942 | D:3      | Found an iron altar of Okawaru.
  3177 | D:3      | Found a glowing golden altar of the Shining One.
  3426 | D:3      | Reached XP level 6. HP: 25/35 MP: 6/6
  4075 | D:3      | Reached skill level 5 in Dodging
  4099 | D:3      | Found a hazy altar of Hepliaklqana.
  4100 | D:3      | Found a shimmering altar of Xom.
  4101 | D:3      | Noticed a spectral ugly thing
  4442 | D:4      | Killed from afar by a white imp

Illustrated notes

Levels and vault maps discovered:
D:1:      ebering_trefoil_twist, layout_loops_ring,
          chequers_ecumenical_altar_twisty
D:2:      layout_basic
D:3:      layout_loops_ring, regret_index_temple_of_mockery,
          overflow_temple_1_default, lemuel_doored_altar
D:4:      layout_basic

Skill      XL: |  1  2  3  4  5  6 |
---------------+-------------------+-----
Short Blades   | 3 4 |  4.7
Dodging        | 2 3 4 5 |  5.2
Stealth        | 6 |  6.7
Fighting       | |  2.1
Throwing       | |  2.1

Action                   |  1- 3 |  4- 6 || total
-------------------------+-------+-------++-------
Melee: Dagger            |   116 |   237 ||   353
Throw: Dart              |       |    18 ||    18
 Stab: Sleeping          |     8 |    26 ||    34
Armor: Robe              |    12 |    33 ||    45
Dodge: Dodged            |    69 |   103 ||   172
Block: Kite shield       |       |    92 ||    92

Table legend: (Time is in decaauts)
 A = Elapsed time spent in this place.
 B = Non-inter-level travel time spent in this place.
 C = Inter-level travel time spent in this place.
 D = Time resting spent in this place.
 E = Time spent auto-exploring this place.
 F = Levels seen in this place.
 G = Mean time per level.
                   A        B        C        D        E       F      G
               +--------+--------+--------+--------+--------+-----+--------+
         Total |   4436 |   4379 |     57 |      0 |   3444 |   4 | 1109.0 |
       Dungeon |   4436 |   4379 |     57 |      0 |   3444 |   4 | 1109.0 |
               +--------+--------+--------+--------+--------+-----+--------+

Top non-repeatable levels by time:
     D:2: 1805 daAuts
     D:3: 1342 daAuts
     D:1: 1024 daAuts
     D:4: 263 daAuts
